3AA
YAKIMA HOPS @ BARTON SPRINGS BLUES
08/21/2042
 
TOP OF THE 1ST
Yakima Hops batting - Pitching for Barton Springs Blues : RHP Dave Newman
Pitching: RHP Dave Newman
Batting: LHB Alfredo Pliego 0-0: Ball
1-0: Ball
2-0: Called Strike
2-1: Called Strike
2-2: Fly out, F8 (Flyball, 8RXD, EV 105.0 MPH)
Batting: LHB Daniel MacBrayne 0-0: Foul Ball, location: 2F
0-1: Ball
1-1: Ball
2-1: Foul Ball, location: 2F
2-2: Foul Ball, location: 2F
2-2: Ball
3-2: Foul Ball, location: 2F
3-2: SINGLE (Flyball, 7S, EV 83.8 MPH)
Batting: LHB Richard Beagle 0-0: Called Strike
0-1: Ball
1-1: Ball
2-1: Ball
3-1: Base on Balls
Daniel MacBrayne to second
Batting: RHB Jorge Esparza 0-0: Swinging Strike
0-1: Ball
Passed Ball!
Daniel MacBrayne to third
Richard Beagle to second
1-1: Ball
2-1: Ball
3-1: Foul Ball, location: 2F
3-2: Strikes out looking
Batting: LHB Richard Barlow 0-0: Ball
1-0: Foul Ball, location: 2F
1-1: Foul Ball, location: 2F
1-2: SINGLE (Groundball, 3D, EV 110.0 MPH)
Daniel MacBrayne scores
Richard Beagle to third
Batting: LHB Kyung-ryul Kim 0-0: Foul Ball, location: 2F
0-1: Called Strike
0-2: Ball
1-2: Fielders Choice at 2nd, 5-4 (Groundball, 5, EV 82.5 MPH)
Top of the 1st over - 1 run, 2 hits, 0 errors, 2 left on base; Yakima 1 - Barton Springs 0
BOTTOM OF THE 1ST
Barton Springs Blues batting - Pitching for Yakima Hops : RHP Ernesto Morín
Pitching: RHP Ernesto Morín
Batting: RHB Steffen Schulte 0-0: Called Strike
0-1: Ball
1-1: Called Strike
1-2: SINGLE (Flyball, 34D, EV 95.6 MPH)
Batting: RHB Donald Martin 0-0: Ball
1-0: Ball
Steffen Schulte steals 2nd base (no throw)
2-0: Called Strike
2-1: Called Strike
2-2: Ground out U3 (Groundball, 34, EV 108.8 MPH)
Steffen Schulte to third
Batting: SHB Bill Gatacre 0-0: Ball
1-0: Ball
2-0: Ball
3-0: Called Strike
3-1: Foul Ball, location: 2F
3-2: Fly out, F9 (Flyball, 9, EV 90.6 MPH)
Runner from 3rd tags up, OUT at HOME! 9-2
Bottom of the 1st over - 0 runs, 1 hit, 0 errors, 0 left on base; Yakima 1 - Barton Springs 0
TOP OF THE 2ND
Yakima Hops batting - Pitching for Barton Springs Blues : RHP Dave Newman
Batting: RHB Rickey Warner 0-0: Ball
1-0: Swinging Strike
1-1: Ball
2-1: Foul Ball, location: 2F
2-2: Strikes out swinging
Batting: RHB Tim Dickson 0-0: Swinging Strike
0-1: Foul Ball, location: 2F
0-2: Ball
1-2: Ball
2-2: Ball
3-2: Foul Ball, location: 2F
3-2: Foul Ball, location: 2F
3-2: Fly out, F7 (Flyball, 7S, EV 83.1 MPH)
Batting: LHB Damon Cross 0-0: Ball
1-0: Ball
2-0: Ground out 4-3 (Groundball, 4, EV 105.6 MPH)
Top of the 2nd over - 0 runs, 0 hits, 0 errors, 0 left on base; Yakima 1 - Barton Springs 0
BOTTOM OF THE 2ND
Barton Springs Blues batting - Pitching for Yakima Hops : RHP Ernesto Morín
Batting: LHB Ben Chell 0-0: Swinging Strike
0-1: Ball
1-1: Ball
2-1: Ball
3-1: Called Strike
3-2: SINGLE (Popup, 4D, EV 72.5 MPH)
Batting: RHB Shawn Mullins 0-0: Foul Ball, location: 2F
0-1: Swinging Strike
0-2: Strikes out looking
Batting: RHB Francisco Ortíz 0-0: Ball
1-0: Ball
2-0: Ball
3-0: Base on Balls
Ben Chell to second
Batting: RHB George Towns 0-0: Grounds into double play, 6-4-3 (Groundball, 6S, EV 84.4 MPH)
Bottom of the 2nd over - 0 runs, 1 hit, 0 errors, 1 left on base; Yakima 1 - Barton Springs 0
TOP OF THE 3RD
Yakima Hops batting - Pitching for Barton Springs Blues : RHP Dave Newman
Batting: LHB Alfredo Pliego 0-0: Called Strike
0-1: SINGLE (Flyball, 8LS, EV 93.1 MPH)
Batting: LHB Daniel MacBrayne 0-0: Foul Ball, location: 2F
0-1: SINGLE (Groundball, 34D, EV 95.6 MPH)
Alfredo Pliego to second
Runner from 2nd tries for 3rd, SAFE, throw by RF made to third
Batting: LHB Richard Beagle 0-0: Ball
1-0: Fly out, F7 (Flyball, 78XD, EV 96.2 MPH)
Runner from 3rd tags up, SCORES, no throw by LF
Batting: RHB Jorge Esparza 0-0: Ball
1-0: Ball
2-0: Foul Ball, location: 2F
2-1: Reached on error, E4 (Groundball, 4M, EV 102.5 MPH)
Daniel MacBrayne to second
Batting: LHB Richard Barlow 0-0: Ball
1-0: Ball
2-0: Called Strike
2-1: Ball
3-1: Ground out 4-3 (Groundball, 4S, EV 90.0 MPH)
Daniel MacBrayne to third
Jorge Esparza to second
Batting: LHB Kyung-ryul Kim 0-0: Ball
1-0: Ball
2-0: Ball
Wild Pitch!
Daniel MacBrayne scores
Jorge Esparza to third
3-0: Called Strike
3-1: Foul Ball, location: 2F
3-2: Strikes out swinging
Top of the 3rd over - 2 runs, 2 hits, 1 error, 1 left on base; Yakima 3 - Barton Springs 0
BOTTOM OF THE 3RD
Barton Springs Blues batting - Pitching for Yakima Hops : RHP Ernesto Morín
Batting: RHB José González 0-0: Foul Ball, location: 2F
0-1: Ball
1-1: Foul Ball, location: 2F
1-2: Ground out 6-3 (Groundball, 6M, EV 100.0 MPH)
Batting: RHB Claudio Corona 0-0: Foul Ball, location: 2F
0-1: Foul Ball, location: 2F
0-2: Ball
1-2: Foul Ball, location: 2F
1-2: Ground out 6-3 (Groundball, 6, EV 89.4 MPH)
Batting: RHB Steffen Schulte 0-0: Swinging Strike
0-1: Ground out 1-3 (Groundball, 13, EV 68.1 MPH)
Bottom of the 3rd over - 0 runs, 0 hits, 0 errors, 0 left on base; Yakima 3 - Barton Springs 0
TOP OF THE 4TH
Yakima Hops batting - Pitching for Barton Springs Blues : RHP Dave Newman
Pitching: LHP Laurens Bancroft
Batting: RHB Rickey Warner 0-0: Called Strike
0-1: Ball
1-1: DOUBLE (Flyball, 8LXD, EV 106.9 MPH)
Batting: RHB Tim Dickson 0-0: Called Strike
0-1: Fly out, F8 (Flyball, 89M, EV 88.1 MPH)
Batting: LHB Damon Cross 0-0: Foul Ball, location: 2F
0-1: Foul Ball, location: 2F
0-2: Foul Ball, location: 2F
0-2: Foul Ball, location: 2F
0-2: Strikes out swinging
Batting: LHB Alfredo Pliego 0-0: Ball
1-0: Ball
2-0: Ball
3-0: Base on Balls
Batting: LHB Daniel MacBrayne 0-0: Ball
1-0: Swinging Strike
1-1: Ball
2-1: Ground out U3 (Groundball, 3, EV 98.8 MPH)
Top of the 4th over - 0 runs, 1 hit, 0 errors, 2 left on base; Yakima 3 - Barton Springs 0
BOTTOM OF THE 4TH
Barton Springs Blues batting - Pitching for Yakima Hops : RHP Ernesto Morín
Batting: RHB Donald Martin 0-0: Called Strike
0-1: Foul Ball, location: 2F
0-2: Strikes out swinging
Batting: SHB Bill Gatacre 0-0: Ball
1-0: DOUBLE (Line Drive, 78D, EV 113.1 MPH)
Batting: LHB Ben Chell 0-0: Foul Ball, location: 2F
0-1: Fly out, F9 (Line Drive, 9D, EV 85.0 MPH)
Runner from 2nd tags up, SAFE at 3rd, no throw by RF
Batting: RHB Shawn Mullins 0-0: Ball
1-0: Ground out 1-3 (Groundball, P, EV 71.2 MPH)
Bottom of the 4th over - 0 runs, 1 hit, 0 errors, 1 left on base; Yakima 3 - Barton Springs 0
TOP OF THE 5TH
Yakima Hops batting - Pitching for Barton Springs Blues : LHP Laurens Bancroft
Batting: LHB Richard Beagle 0-0: Foul Ball, location: 2F
0-1: Foul Ball, location: 2F
0-2: Ground out 4-3 (Groundball, 4, EV 85.6 MPH)
Batting: RHB Jorge Esparza 0-0: Ball
1-0: Ball
2-0: Ball
3-0: Base on Balls
Batting: LHB Richard Barlow 0-0: Foul Ball, location: 2F
0-1: Grounds into double play, 4-6-3 (Groundball, 4, EV 97.5 MPH)
Top of the 5th over - 0 runs, 0 hits, 0 errors, 0 left on base; Yakima 3 - Barton Springs 0
BOTTOM OF THE 5TH
Barton Springs Blues batting - Pitching for Yakima Hops : RHP Ernesto Morín
Batting: RHB Francisco Ortíz 0-0: Called Strike
0-1: Fly out, F8 (Flyball, 8RD, EV 96.9 MPH)
Batting: RHB George Towns 0-0: SOLO HOME RUN (Flyball, 7LD, EV 104.4 MPH), Distance : 354 ft
Batting: RHB José González 0-0: Called Strike
0-1: Ball
1-1: Ball
2-1: Ball
3-1: SINGLE (Groundball, 6MD, EV 109.4 MPH)
Batting: RHB Claudio Corona 0-0: Ball
1-0: Foul Ball, location: 2F
1-1: Fielders Choice at 2nd, 4-6 (Groundball, 4, EV 81.2 MPH)
Batting: RHB Steffen Schulte 0-0: Foul Ball, location: 2F
0-1: Swinging Strike
0-2: Ball
Claudio Corona steals 2nd base
1-2: Ground out 5-3 (Groundball, 5, EV 88.8 MPH)
Bottom of the 5th over - 1 run, 2 hits, 0 errors, 1 left on base; Yakima 3 - Barton Springs 1
TOP OF THE 6TH
Yakima Hops batting - Pitching for Barton Springs Blues : LHP Laurens Bancroft
Batting: LHB Kyung-ryul Kim 0-0: Fly out, F9 (Flyball, 9S, EV 92.5 MPH)
Batting: RHB Rickey Warner 0-0: Called Strike
0-1: Swinging Strike
0-2: Ground out 6-3 (Groundball, 6, EV 82.5 MPH)
Batting: RHB Tim Dickson 0-0: Called Strike
0-1: Ball
1-1: Ball
2-1: Ball
3-1: Called Strike
3-2: Strikes out looking
Top of the 6th over - 0 runs, 0 hits, 0 errors, 0 left on base; Yakima 3 - Barton Springs 1
BOTTOM OF THE 6TH
Barton Springs Blues batting - Pitching for Yakima Hops : RHP Ernesto Morín
Batting: RHB Donald Martin 0-0: Called Strike
0-1: Foul Ball, location: 2F
0-2: Strikes out looking
Batting: SHB Bill Gatacre 0-0: Ball
1-0: Called Strike
1-1: Foul Ball, location: 2F
1-2: Ball
2-2: Foul Ball, location: 2F
2-2: Ball
3-2: Foul Ball, location: 2F
3-2: Ground out 6-3 (Groundball, 6, EV 104.4 MPH)
Batting: LHB Ben Chell 0-0: Ball
1-0: Fly out, F8 (Flyball, 8LM, EV 88.8 MPH)
Bottom of the 6th over - 0 runs, 0 hits, 0 errors, 0 left on base; Yakima 3 - Barton Springs 1
TOP OF THE 7TH
Yakima Hops batting - Pitching for Barton Springs Blues : LHP Laurens Bancroft
Batting: LHB Damon Cross 0-0: Ball
1-0: Called Strike
1-1: Ball
2-1: Fly out, F8 (Flyball, 8LXD, EV 106.9 MPH)
Batting: LHB Alfredo Pliego 0-0: Ball
1-0: Foul Ball, location: 2F
1-1: Ball
2-1: Ground out 6-3 (Groundball, 6, EV 110.0 MPH)
Batting: LHB Daniel MacBrayne 0-0: Called Strike
0-1: Swinging Strike
0-2: Ball
1-2: Ball
2-2: Ball
3-2: Base on Balls
Batting: LHB Richard Beagle 0-0: Foul Ball, location: 2F
0-1: Ball
1-1: Foul Ball, location: 2F
1-2: Foul Ball, location: 2F
1-2: Foul Ball, location: 2F
1-2: SINGLE (Groundball, 6MD, EV 105.6 MPH)
Daniel MacBrayne to second
Runner from 2nd tries for 3rd, SAFE, throw by CF made to third
Batting: RHB Jorge Esparza 0-0: Foul Ball, location: 2F
0-1: Foul Ball, location: 2F
0-2: Ball
1-2: Ball
2-2: Ground out U3 (Groundball, 34, EV 87.5 MPH)
Top of the 7th over - 0 runs, 1 hit, 0 errors, 2 left on base; Yakima 3 - Barton Springs 1
BOTTOM OF THE 7TH
Barton Springs Blues batting - Pitching for Yakima Hops : RHP Ernesto Morín
Batting: RHB Shawn Mullins 0-0: Called Strike
0-1: Ball
1-1: DOUBLE (Line Drive, 5D, EV 96.9 MPH)
Batting: RHB Francisco Ortíz 0-0: Called Strike
0-1: Foul Ball, location: 2F
0-2: Reached on error, E5 (Groundball, 56S, EV 81.2 MPH)
Shawn Mullins scores
Batting: RHB George Towns 0-0: Ground out U3 (Groundball, 3S, EV 90.0 MPH)
Francisco Ortíz to third
Batting: RHB José González 0-0: SINGLE (Groundball, 4M, EV 86.2 MPH) (infield hit)
Francisco Ortíz scores
Batting: RHB Claudio Corona 0-0: Swinging Strike
0-1: Ball
1-1: DOUBLE (Line Drive, 89M, EV 103.8 MPH)
José González to third
Pinch Runner at 2nd Fergus Stidston:
Batting: RHB Steffen Schulte 0-0: Ball
1-0: Foul Ball, location: 2F
1-1: Ball
2-1: Ground out 5-3 (Groundball, 5, EV 107.5 MPH)
Pitching: RHP Al Hensley
Batting: RHB Donald Martin 0-0: Ground out 4-3 (Groundball, 4, EV 106.9 MPH)
Bottom of the 7th over - 2 runs, 3 hits, 1 error, 2 left on base; Yakima 3 - Barton Springs 3
TOP OF THE 8TH
Yakima Hops batting - Pitching for Barton Springs Blues : LHP Laurens Bancroft
Now at 3B: Fergus Stidston
Batting: LHB Richard Barlow 0-0: Called Strike
0-1: Ball
1-1: Foul Ball, location: 2F
1-2: SINGLE (Groundball, 3D, EV 100.6 MPH)
Pitching: LHP Robinson Martínez
Batting: LHB Kyung-ryul Kim 0-0: Foul Ball, location: 2F
0-1: Called Strike
0-2: Ball
1-2: Foul Ball, location: 2F
1-2: Foul Ball, location: 2F
1-2: Foul Ball, location: 2F
1-2: Fielders Choice at 2nd, 1-6 (Groundball, 13, EV 91.2 MPH)
Batting: RHB Rickey Warner 0-0: Called Strike
0-1: Sac Bunt to 2R - play at first, batter OUT! 2-4
Kyung-ryul Kim to second
Batting: RHB Tim Dickson 0-0: Ball
1-0: Foul Ball, location: 2F
1-1: Swinging Strike
1-2: Ball
2-2: Ball
3-2: Foul Ball, location: 2F
3-2: Base on Balls
Batting: LHB Damon Cross 0-0: Ball
1-0: Ball
2-0: Ball
3-0: Called Strike
3-1: Foul Ball, location: 2F
3-2: Foul Ball, location: 2F
3-2: Strikes out swinging
Top of the 8th over - 0 runs, 1 hit, 0 errors, 2 left on base; Yakima 3 - Barton Springs 3
BOTTOM OF THE 8TH
Barton Springs Blues batting - Pitching for Yakima Hops : RHP Al Hensley
Batting: SHB Bill Gatacre 0-0: SOLO HOME RUN (Line Drive, 78XD, EV 96.2 MPH), Distance : 414 ft
Batting: LHB Ben Chell 0-0: Called Strike
0-1: Ball
1-1: Ball
2-1: SINGLE (Groundball, 6D, EV 106.2 MPH)
Batting: RHB Shawn Mullins 0-0: Ball
1-0: Ball
2-0: Ground out 3-1 (Groundball, 34, EV 81.2 MPH)
Ben Chell to second
Batting: RHB Francisco Ortíz 0-0: Ball
1-0: Ground out 3-1 (Groundball, 34, EV 86.9 MPH)
Ben Chell to third
Batting: RHB George Towns 0-0: Foul Ball, location: 2F
0-1: Ball
1-1: Ground out 6-3 (Groundball, 6, EV 93.1 MPH)
Bottom of the 8th over - 1 run, 2 hits, 0 errors, 1 left on base; Yakima 3 - Barton Springs 4
TOP OF THE 9TH
Yakima Hops batting - Pitching for Barton Springs Blues : LHP Robinson Martínez
Pitching: RHP Danny Kas
Batting: LHB Alfredo Pliego 0-0: Ball
1-0: Swinging Strike
1-1: Called Strike
1-2: Ball
2-2: SINGLE (Line Drive, 56D, EV 99.4 MPH)
Batting: LHB Daniel MacBrayne 0-0: Called Strike
0-1: Foul Ball, location: 2F
0-2: Ball
1-2: Ball
Pickoff Throw by Catcher to First - Out!
2-2: Ball
3-2: SINGLE (Groundball, 4D, EV 104.4 MPH)
Batting: LHB Richard Beagle 0-0: Ball
1-0: Called Strike
1-1: Ball
2-1: Swinging Strike
2-2: Strikes out swinging
Batting: RHB Jorge Esparza 0-0: Ball
1-0: Swinging Strike
1-1: Fielders Choice at 2nd, 5-4 (Groundball, 56, EV 86.2 MPH)
Top of the 9th over - 0 runs, 2 hits, 0 errors, 1 left on base; Yakima 3 - Barton Springs 4
Friday, March 26th, 2021 - OOTP Baseball 20.8 Build 74